 Dungeon Crawl Stone Soup version 0.30-a0-605-gb2882149bf (webtiles) character file.

Game seed: 5745747396105157885

86 bande the Covered (level 4, 0/29 HPs)
             Began as a Gargoyle Fighter on Jan 8, 2023.
             Slain by an orc priest
             ... wielding a +0 club
              (2 damage)
             ... on level 3 of the Dungeon.
             The game lasted 00:03:10 (1484 turns).

bande the Covered (Gargoyle Fighter)                Turns: 1484, Time: 00:03:10

Health: 0/29       AC: 11    Str: 20    XL:     4   Next: 50%
Magic:  4/4        EV:  9    Int:  8    God:
Gold:   153        SH:  4    Dex: 11    Spells: 3/3 levels left

rFire   . . .      SeeInvis .    a - +0 war axe
rCold   . . .      Faith    .    c - +0 buckler
rNeg    + . .      Spirit   .    b - +0 scale mail
rPois   ∞          Reflect  .    (no helmet)
rElec   +          Harm     .    (no cloak)
rCorr   .          Rampage  .    l - +0 pair of gloves
Will    .....                    (no boots) Stlth
                                 (no amulet)
HPRegen 0.24/turn                (no ring)
MPRegen 0.09/turn                (no ring)

@: mighty
A: sickness immunity, AC +3, negative energy resistance 1, electricity
resistance, torment resistance 1, petrification resistance
a: no special abilities


You were on level 3 of the Dungeon.
You visited 1 branch of the dungeon, and saw 3 of its levels.

You collected 153 gold pieces.

Inventory:

Hand Weapons
 a - a +0 war axe (weapon)
Armour
 b - a +0 scale mail (worn)
 c - a +0 buckler (worn)
 l - a +0 pair of gloves (worn)
Scrolls
 e - 2 scrolls of identify
 j - a scroll of teleportation
Potions
 d - 2 potions of might
 f - a potion of mutation {unknown}
 g - a potion of resistance
 h - a potion of attraction {unknown}
 i - a potion of haste


   Skills:
 + Level 3.7 Fighting
 + Level 3.1 Axes
 + Level 3.9 Armour
 + Level 3.7 Shields


You had 3 spell levels left.
You didn't know any spells.
Your spell library was empty.

Dungeon Overview and Level Annotations

Branches:
Dungeon (3/15)

Altars:
Gozag
Yredelemnul

Shops:
D:1 =


Innate Abilities, Weirdness & Mutations

You are immune to sickness and miasma.
Your stone body is resilient. (AC +3)
You are immune to poison.
You resist negative energy. (rN+)
You are resistant to electric shocks. (rElec)
You are resistant to unholy torment.
You are immune to petrification.


Message History

A ball python is nearby!
No reachable target in view!
No reachable target in view!
No reachable target in view!
No reachable target in view!
No reachable target in view!
No reachable target in view!
No reachable target in view!
A ball python is nearby!
A ball python is nearby!
A kobold comes into view. It is wielding a +0 short sword.
The kobold shouts!
You hear a shout! x2
A goblin comes into view. It is wielding a +0 club.
You barely miss the goblin. The goblin hits you but does no damage.
An orc wizard comes into view. It is wielding a +0 vampiric dagger.
The goblin hits you but does no damage.
You barely miss the goblin.
The orc wizard shouts!
You hear a shout!
The goblin closely misses you.
An orc comes into view. It is wielding a +0 mace.
You slash the goblin!
You kill the goblin!
Things that are here:
a +0 club; a goblin corpse An orc priest comes into view.
It is wielding a +0 club.
The orc priest shouts!
An orc priest comes into view. It is wielding a +0 falchion.
The orc priest calls down the wrath of Beogh upon you.
Beogh smites you!
The orc priest mumbles some strange prayers to Beogh against you.
Beogh smites you!
* * * LOW HITPOINT WARNING * * *
Found a metallic blue potion.
The orc barely misses you.
You feel very mighty all of a sudden. The orc completely misses you.
Found 17 gold pieces.
The orc hits you with a +0 mace.
* * * LOW HITPOINT WARNING * * *
The orc wizard hits you but does no damage.
The orc priest hits you with a +0 club.
You die...

..#############
........@o.#.§.
...#...oo..o....
...#.##.§≈≈≈≈≈≈≈
.....##.≈KS.....
!.##....≈§#####.
. ##.##.≈.#.....
#..##)≈.#._.#$
#.....≈.....#.
#..#
#.###.≈.#####


You could see 2 orc priests, an orc wizard, an orc, a ball python and a kobold.

Vanquished Creatures
  2 adders (D:2)
  A worm (D:2)
  A dart slug (D:2)
  An orc (D:2)
  7 bats
  4 endoplasms
  3 giant cockroaches
  9 goblins
  8 hobgoblins
  3 quokkas
  8 ball pythons
  3 frilled lizards
  2 kobolds
  6 rats
58 creatures vanquished.

Vanquished Creatures (others)
  2 plants (D:2)
2 creatures vanquished.

Grand Total: 60 creatures vanquished

Notes
Turn   | Place    | Note
-------+----------+-------------------------------------------
     0 | D:1      | bande the Gargoyle Fighter began the quest for the Orb.
     0 | D:1      | Reached XP level 1. HP: 14/14 MP: 1/1
    11 | D:1      | Found Goki's Jewellery Shop.
   205 | D:1      | Reached XP level 2. HP: 19/19 MP: 2/2
   337 | D:1      | Reached XP level 3. HP: 23/23 MP: 3/3
   653 | D:2      | Found a basalt altar of Yredelemnul.
   705 | D:2      | Reached XP level 4. HP: 29/29 MP: 4/4
  1465 | D:3      | Found an opulent altar of Gozag.
  1484 | D:3      | Slain by an orc priest

Illustrated notes

Levels and vault maps discovered:
D:1:      lightli_arrival_maybe_door_vault, layout_rooms, serial_shops,
          nicolae_shop_crystal, minmay_misc_feat_rugged
D:2:      cheibrodos_old_hovel, layout_basic, basic_altar
D:3:      layout_rooms, mainiacjoe_overflow_brackets

Skill      XL: |  1  2  3  4 |
---------------+-------------+-----
Axes           | 2 3 |  3.1
Fighting       | |  3.7
Armour         | |  3.9
Shields        | |  3.7

Action                   |  1- 3 |  4- 6 || total
-------------------------+-------+-------++-------
Melee: War axe           |    78 |    57 ||   135
  Use: Scroll            |       |     6 ||     6
       Potion            |       |     1 ||     1
Armor: Scale mail        |    46 |    26 ||    72
Dodge: Dodged            |    38 |    29 ||    67
Block: Buckler           |    12 |    13 ||    25

Table legend: (Time is in decaauts)
 A = Elapsed time spent in this place.
 B = Non-inter-level travel time spent in this place.
 C = Inter-level travel time spent in this place.
 D = Time resting spent in this place.
 E = Time spent auto-exploring this place.
 F = Levels seen in this place.
 G = Mean time per level.
                   A        B        C        D        E       F      G
               +--------+--------+--------+--------+--------+-----+--------+
         Total |   1540 |   1469 |     71 |    136 |    946 |   3 |  513.3 |
       Dungeon |   1540 |   1469 |     71 |    136 |    946 |   3 |  513.3 |
               +--------+--------+--------+--------+--------+-----+--------+

Top non-repeatable levels by time:
     D:2: 814 daAuts
     D:1: 578 daAuts
     D:3: 147 daAuts
